Map: [ESL] Oceanborn

Players

Geralt (Gerald) - Winner!

  • Race: Protoss Protoss
  • League: Master
  • Spawn Location: 11:00

VITSolar (Solar)

  • Race: Zerg Zerg
  • League: Master
  • Spawn Location: 5:00

Event: Bellum Gens Elite Stara Zagora 2024

VOD

Have the link to the VOD?

Description

Time

  • Played on: Sept. 7, 2024, 5:59 a.m.
  • Length: 19:51

All games in this series

Show
View Real Time Build Order
Export as new Build Order

Geralt Protoss - Winner!

Build Orders: 1 Gate Expand, Oracle Opening, Carriers 

Get SALT Encoding   

  12  0:00  Probe  
  13  0:12  Probe  
  14  0:19  Pylon  
  14  0:24  Probe (Chrono Boost)  
  15  0:37  Probe (Chrono Boost)  
  15  0:39  Gateway  
  16  0:45  Probe (Chrono Boost)  
  17  0:51  Assimilator, Probe  
  18  1:03  Probe  
  19  1:16  Probe  
  20  1:25  Nexus  
  20  1:33  Probe  
  21  1:41  Cybernetics Core  
  21  1:45  Probe  
  22  1:49  Assimilator  
  22  1:57  Probe  
  22  2:00  Pylon  
  23  2:18  Probe  
  23  2:20  Adept (Chrono Boost)  
  24  2:26  Stargate  
  26  2:30  Probe  
  27  2:38  Warp Gate  
  27  2:40  Adept (Chrono Boost), Probe  
  27  2:42  Probe  
  31  2:52  Probe  
  31  2:54  Probe  
  33  3:02  Adept  
  33  3:04  Probe  
  36  3:06  Probe  
  37  3:13  Oracle (Chrono Boost)  
  37  3:17  Probe  
  37  3:18  Probe  
  37  3:19  Pylon  
  42  3:29  Probe  
  42  3:30  Probe  
  44  3:37  Nexus  
  44  3:41  Probe  
  45  3:42  Probe  
  45  3:47  Oracle (Chrono Boost)  
  49  3:52  Gateway  
  49  3:53  Probe  
  49  3:55  Probe  
  51  4:05  Probe  
  51  4:06  Pylon  
  52  4:18  Oracle  
  52  4:20  Probe  
  52  4:23  Probe  
  53  4:24  Assimilator  
  53  4:27  Assimilator  
  53  4:28  Adept, Pylon  
  55  4:32  Probe  
  55  4:38  Probe  
  57  4:44  Twilight Council, Probe  
  57  4:45  Forge  
  58  4:47  Stalker, Pylon  
  58  4:50  Probe  
  61  4:53  Probe  
  61  4:57  Probe (Chrono Boost)  
  63  5:03  Probe (Chrono Boost)  
  63  5:05  Adept, Probe (Chrono Boost)  
  67  5:15  Probe (Chrono Boost)  
  67  5:17  Probe (Chrono Boost)  
  67  5:18  Blink (Chrono Boost), Probe (Chrono Boost)  
  67  5:19  Protoss Ground Weapons Level 1  
  70  5:22  Probe  
  70  5:27  Gateway, Probe, Pylon  
  70  5:28  Assimilator, Probe  
  73  5:29  Gateway  
  73  5:32  Stalker  
  73  5:33  Stalker  
  73  5:34  Probe  
  73  5:35  Shield Battery  
  78  5:39  Probe  
  79  5:48  Probe  
  79  5:49  Probe  
  81  5:55  Probe  
  82  6:00  Probe  
  82  6:01  Probe  
  82  6:02  Templar Archives  
  84  6:05  Assimilator  
  84  6:07  Gateway, Probe  
  84  6:09  Gateway  
  85  6:11  Stalker x2  
  85  6:12  Pylon  
  85  6:13  Probe x2  
  85  6:17  Gateway  
  91  6:19  Gateway, Probe  
  91  6:21  Pylon  
  92  6:29  Robotics Facility  
  92  6:34  Pylon  
  92  6:35  Probe  
  91  6:47  Probe  
  91  6:49  Probe  
  91  6:50  Stalker x4  
  91  6:52  Probe  
  102  6:59  Probe  
  102  7:00  Psionic Storm  
  103  7:03  Stalker  
  105  7:10  Stalker  
  105  7:13  Nexus  
  107  7:16  Phoenix (Chrono Boost), Probe  
  107  7:19  Pylon  
  107  7:21  Photon Cannon  
  110  7:24  Shield Battery  
  110  7:27  Stalker  
  110  7:28  Stalker x5  
  121  7:36  Stalker x2  
  125  7:40  Pylon  
  125  7:43  Pylon  
  125  7:45  Phoenix  
  125  7:47  Photon Cannon  
  125  7:48  Photon Cannon  
  127  7:52  High Templar x3  
  133  7:59  Probe  
  133  8:00  Probe  
  133  8:01  Protoss Ground Weapons Level 2  
  135  8:08  Charge (Chrono Boost)  
  135  8:10  Probe  
  137  8:12  Probe  
  137  8:13  Pylon  
  137  8:14  Pylon, Phoenix  
  137  8:17  Probe  
  137  8:18  High Templar  
  142  8:21  Immortal (Chrono Boost)  
  142  8:22  Probe  
  142  8:24  Pylon  
  142  8:25  Probe  
  142  8:26  Pylon  
  148  8:28  Probe  
  148  8:29  Probe, Pylon  
  148  8:32  Assimilator  
  148  8:33  Assimilator, Photon Cannon  
  150  8:34  Probe  
  150  8:37  Probe  
  150  8:39  Pylon  
  150  8:40  Probe  
  152  8:41  Probe  
  152  8:53  Probe  
  152  8:54  Stalker  
  152  8:55  Stalker x5  
  157  8:59  Photon Cannon  
  157  9:00  Stalker  
  167  9:11  Immortal (Chrono Boost)  
  167  9:13  Probe  
  167  9:15  Probe x2  
  171  9:18  Photon Cannon  
  171  9:20  Photon Cannon  
  171  9:22  Shield Battery  
  172  9:26  Probe  
  172  9:30  Fleet Beacon  
  172  9:31  Stargate  
  172  9:32  High Templar x2  
  172  9:36  Shield Battery  
  176  9:43  Stalker, Immortal  
  176  9:44  Sentry x2  
  178  9:47  Stalker x2  
  177  10:00  Probe  
  177  10:02  Pylon  
  178  10:07  Pylon  
  178  10:08  Photon Cannon  
  178  10:15  Stalker, Probe x2  
  178  10:20  High Templar x2  
  186  10:22  Photon Cannon  
  186  10:24  Photon Cannon  
  186  10:26  Protoss Air Weapons Level 1 (Chrono Boost)  
  186  10:27  Gateway  
  192  10:28  Photon Cannon  
  192  10:30  Shield Battery  
  192  10:31  Shield Battery  
  192  10:32  Carrier (Chrono Boost)  
  192  10:36  Carrier (Chrono Boost)  
  192  10:42  Protoss Ground Weapons Level 3 (Chrono Boost), Pylon  
  198  11:01  Stalker  
  197  11:10  Immortal (Chrono Boost)  
  199  11:21  Pylon  
  199  11:23  Nexus  
  199  11:27  Gateway  
  199  11:28  Gateway  
  199  11:30  Gateway, Pylon  
  199  11:33  Pylon  
  199  11:35  Assimilator  
  199  11:37  Assimilator  
  199  12:03  Photon Cannon  
  199  12:04  Shield Battery, Photon Cannon  
  199  12:07  Shield Battery  
  199  12:14  Photon Cannon  
  199  12:16  Photon Cannon  
  199  12:17  Shield Battery  
  199  12:18  Photon Cannon  
  199  12:19  Shield Battery  
  199  12:20  Photon Cannon  
  197  12:38  Gateway, Pylon  
  197  12:41  Carrier (Chrono Boost)  
  197  13:00  Protoss Air Weapons Level 2 (Chrono Boost)  
  197  13:04  Probe  
  198  13:07  Cybernetics Core  
  198  13:18  Observer (Chrono Boost)  
  191  13:29  Photon Cannon  
  191  13:30  Photon Cannon  
  191  13:31  Pylon  
  191  13:32  High Templar  
  191  13:33  Pylon  
  193  13:38  Pylon  
  193  13:39  Carrier x2 (Chrono Boost)  
  193  13:40  Shield Battery  
  171  13:42  Photon Cannon  
  183  13:53  High Templar x2  
  187  13:57  Protoss Shields Level 1  
  187  14:04  Probe (Chrono Boost)  
  188  14:12  Shield Battery  
  188  14:15  Protoss Air Armor Level 1 (Chrono Boost)  
  188  14:16  Photon Cannon  
  194  14:18  Mothership (Chrono Boost)  
  190  14:45  Carrier  
  197  14:52  Probe  
  197  15:04  Stalker  
  196  15:40  Gateway  
  196  15:42  Gateway  
  196  15:46  Carrier  
  188  15:59  Protoss Shields Level 2  
  188  16:01  Nexus  
  188  16:05  Pylon  
  188  16:07  Assimilator, Stalker  
  190  16:17  Carrier  
  196  16:20  Protoss Air Weapons Level 3 (Chrono Boost)  
  196  16:21  Pylon  
  196  16:22  Stargate  
  196  16:23  Assimilator  
  196  16:25  Protoss Air Armor Level 2 (Chrono Boost)  
  196  16:26  Stargate  
  196  16:33  Photon Cannon  
  196  16:34  Photon Cannon  
  196  16:36  Photon Cannon  
  196  16:38  Photon Cannon  
  196  16:40  Photon Cannon  
  196  16:43  Shield Battery x2  
  196  16:47  Shield Battery  
  196  16:48  Pylon  
  166  17:03  Carrier  
  166  17:04  Zealot x12  
  170  17:21  Oracle  
  174  17:22  Oracle, Tempest  
  174  17:26  High Templar x2, Photon Cannon  
  174  17:27  Pylon, High Templar  
  185  17:30  Zealot x7  
  185  17:31  Photon Cannon  
  185  17:33  Photon Cannon  
  185  17:34  Photon Cannon  
  185  17:36  Observer (Chrono Boost)  
  200  17:39  Archon  
  188  18:22  Tempest x2  
  196  18:42  Carrier  
  192  18:54  High Templar x2  
  180  19:29  Zealot x12  
Show
View Real Time Build Order
Export as new Build Order

VITSolar Zerg 

Build Orders: Hatch First, Lurkers 

Get SALT Encoding   

  12  0:00  Drone  
  13  0:12  Overlord  
  13  0:17  Drone  
  14  0:31  Drone x2  
  16  0:41  Drone  
  17  0:52  Drone  
  18  1:00  Hatchery  
  18  1:11  Drone  
  18  1:19  Drone  
  18  1:21  Drone  
  18  1:22  Extractor  
  18  1:23  Spawning Pool  
  18  1:27  Drone  
  19  1:38  Drone  
  20  1:50  Drone  
  21  2:02  Hatchery  
  21  2:05  Overlord  
  20  2:12  Queen  
  20  2:13  Zergling x2  
  23  2:21  Queen  
  25  2:27  Metabolic Boost  
  25  2:30  Drone  
  25  2:33  Drone  
  25  2:36  Drone  
  28  2:39  Drone  
  28  2:41  Drone  
  30  2:45  Zergling x2  
  30  2:46  Zergling x2  
  32  2:54  Queen  
  32  2:57  Drone  
  35  3:00  Overlord  
  35  3:04  Drone  
  36  3:14  Queen  
  36  3:16  Queen  
  36  3:18  Drone  
  41  3:20  Drone  
  41  3:21  Drone  
  41  3:26  Overlord  
  43  3:28  Zergling x2  
  43  3:29  Zergling x2  
  43  3:32  Drone  
  43  3:33  Drone  
  47  3:35  Drone  
  47  3:38  Zergling x4  
  50  3:42  Spore Crawler  
  50  3:46  Queen  
  51  3:48  Zergling x2  
  51  3:51  Overlord  
  51  3:54  Drone  
  53  3:56  Drone  
  53  4:02  Spore Crawler  
  52  4:03  Drone x2  
  52  4:05  Drone x2  
  52  4:06  Drone  
  52  4:09  Drone  
  58  4:14  Drone x3  
  60  4:17  Drone  
  60  4:19  Drone x3  
  60  4:23  Drone  
  63  4:28  Extractor  
  63  4:29  Spore Crawler, Zergling x6  
  64  4:34  Overlord  
  64  4:36  Drone x2  
  66  4:41  Overlord  
  66  4:44  Overlord  
  66  4:45  Overlord  
  66  4:50  Extractor  
  66  4:51  Roach Warren  
  64  4:53  Drone x3  
  64  4:59  Drone x3  
  71  5:00  Drone  
  71  5:02  Lair  
  71  5:05  Drone  
  72  5:08  Drone  
  72  5:09  Drone  
  72  5:10  Drone  
  72  5:11  Drone x2  
  72  5:12  Drone  
  72  5:14  Drone  
  79  5:19  Evolution Chamber  
  78  5:21  Queen  
  78  5:23  Drone x2  
  78  5:25  Drone  
  78  5:26  Extractor  
  78  5:27  Overlord  
  82  5:31  Drone x2  
  82  5:33  Drone  
  82  5:35  Drone  
  86  5:36  Drone x2  
  86  5:37  Drone  
  86  5:39  Drone  
  89  5:53  Drone, Extractor  
  89  5:54  Drone, Extractor  
  89  5:57  Zergling x10  
  92  6:00  Drone  
  92  6:01  Glial Reconstitution  
  92  6:02  Overseer, Spire  
  92  6:03  Zerg Melee Weapons Level 1  
  92  6:05  Drone x4  
  92  6:09  Overlord  
  92  6:10  Drone  
  92  6:11  Drone  
  97  6:12  Drone  
  97  6:15  Overlord  
  95  6:23  Overlord  
  95  6:25  Hatchery  
  95  6:28  Roach x2  
  95  6:32  Roach x2  
  102  6:36  Overlord  
  102  6:38  Zergling x8  
  105  6:42  Zergling x4  
  105  6:44  Roach x2  
  111  6:51  Roach  
  111  6:52  Overlord  
  111  6:53  Overlord  
  112  6:54  Zergling x8  
  112  7:00  Overlord  
  117  7:01  Drone  
  117  7:02  Drone  
  117  7:05  Drone x2  
  117  7:06  Drone x3  
  123  7:13  Baneling Nest  
  123  7:14  Mutalisk x5  
  132  7:19  Mutalisk  
  132  7:20  Mutalisk  
  136  7:29  Mutalisk x2  
  133  7:32  Zergling x8  
  140  7:39  Overlord  
  140  7:40  Overlord  
  140  7:41  Roach x3  
  140  7:43  Zergling x2  
  140  7:44  Zergling x2  
  147  7:46  Drone  
  147  7:48  Drone x2  
  150  7:53  Drone  
  148  8:00  Drone x2  
  148  8:02  Zergling x14  
  148  8:05  Centrifugal Hooks  
  156  8:07  Zerg Melee Weapons Level 2  
  156  8:09  Hatchery  
  156  8:10  Zergling x10  
  156  8:12  Overlord  
  154  8:13  Overseer  
  154  8:15  Drone  
  154  8:18  Zergling x6  
  158  8:26  Zergling x8  
  161  8:30  Drone x2  
  163  8:34  Zergling x8  
  163  8:36  Ravager  
  163  8:37  Ravager x4  
  172  8:41  Roach  
  172  8:46  Ravager x2  
  172  8:47  Overlord  
  169  8:55  Drone  
  169  8:56  Drone x3  
  169  8:57  Spore Crawler, Drone x2  
  169  8:58  Overlord  
  169  9:01  Overlord  
  174  9:05  Infestation Pit  
  174  9:07  Drone x2  
  167  9:10  Drone x2  
  167  9:13  Zergling x8, Roach x4  
  167  9:15  Overlord  
  179  9:17  Baneling x7  
  179  9:18  Baneling x20  
  179  9:20  Zergling x6  
  178  9:25  Zergling x10  
  178  9:27  Zergling x4  
  185  9:31  Pneumatized Carapace  
  185  9:32  Zergling x2  
  185  9:33  Zergling x6  
  185  9:35  Zergling x4  
  191  9:39  Zergling x10  
  191  9:42  Zergling x4  
  191  9:48  Extractor  
  191  9:51  Zergling x10  
  191  9:52  Zergling x4  
  178  9:56  Hive  
  178  9:57  Zergling x8  
  179  10:02  Drone x5  
  179  10:04  Drone  
  179  10:06  Drone x2  
  186  10:12  Zergling x10  
  170  10:16  Drone x2  
  170  10:19  Roach x2  
  170  10:20  Baneling x6  
  170  10:21  Baneling x3  
  176  10:23  Baneling x3, Zerg Missile Weapons Level 1  
  176  10:25  Baneling x4  
  176  10:28  Zergling x2  
  176  10:29  Zergling x4  
  179  10:37  Zergling x20  
  179  10:41  Ravager  
  193  10:43  Roach x4  
  193  10:44  Zergling x4  
  199  10:58  Hydralisk Den  
  199  11:00  Zerg Flyer Weapons Level 1  
  189  11:05  Drone x11  
  189  11:08  Extractor  
  189  11:09  Extractor  
  195  11:11  Adrenal Glands  
  195  11:15  Hatchery, Zergling x8  
  195  11:18  Spore Crawler, Zergling x4  
  197  11:20  Spore Crawler  
  197  11:21  Zergling x2  
  199  11:29  Grooved Spines  
  199  11:30  Lurker Den  
  198  11:37  Zergling x2  
  199  11:41  Evolution Chamber  
  199  11:44  Zergling x4  
  199  11:51  Overseer x2  
  199  11:55  Overlord  
  199  12:03  Zergling x2  
  199  12:05  Spine Crawler  
  197  12:13  Zergling x4  
  199  12:19  Zerg Missile Weapons Level 2, Muscular Augments  
  199  12:20  Zerg Ground Armor Level 1  
  196  12:24  Baneling x9  
  196  12:25  Baneling  
  196  12:26  Baneling x8  
  196  12:27  Baneling x5  
  196  12:28  Zergling x8  
  197  12:30  Zergling x6  
  197  12:32  Zergling x2  
  197  12:33  Zergling x4  
  197  12:35  Seismic Spines  
  200  12:43  Hydralisk x3  
  198  12:47  Spore Crawler, Hydralisk x5  
  198  12:48  Extractor  
  198  12:51  Overseer x2  
  197  12:54  Hydralisk  
  198  13:05  Viper, Corruptor x2  
  193  13:15  Corruptor x5  
  193  13:32  Adaptive Talons  
  193  13:33  Zergling x22  
  197  13:36  Zergling x20  
  197  13:37  Zergling x10  
  197  13:38  Zergling x4  
  190  13:44  Zergling x12  
  190  13:48  Overlord x5  
  191  13:50  Corruptor x4  
  193  13:58  Drone  
  193  13:59  Corruptor  
  193  14:01  Corruptor  
  193  14:02  Overlord  
  196  14:03  Zerg Flyer Armor Level 1  
  196  14:04  Spire  
  196  14:07  Baneling x10  
  196  14:08  Lurker x5  
  200  14:10  Overseer x4  
  200  14:20  Zerg Ground Armor Level 2  
  189  14:40  Corruptor x5  
  199  14:47  Lurker  
  200  15:03  Lurker x3  
  191  15:09  Corruptor x6  
  191  15:13  Zergling x2  
  200  15:21  Zergling x4  
  199  15:27  Zerg Flyer Weapons Level 2  
  198  15:40  Extractor  
  197  15:44  Zergling x10  
  197  15:45  Extractor  
  197  15:51  Zergling x4  
  197  15:56  Zergling x2  
  197  15:57  Zergling x16  
  200  16:00  Zerg Flyer Armor Level 2  
  198  16:04  Spore Crawler  
  198  16:06  Spore Crawler, Drone x4  
  198  16:07  Spine Crawler x2  
  198  16:11  Drone x3  
  199  16:14  Zerg Melee Weapons Level 3  
  199  16:17  Viper x3  
  198  16:24  Zergling x4  
  200  16:36  Zerg Missile Weapons Level 3  
  200  16:41  Spore Crawler  
  200  16:43  Spore Crawler  
  190  16:59  Corruptor x8  
  197  17:01  Corruptor  
  197  17:04  Zergling x4  
  197  17:07  Zergling x10  
  200  17:11  Zergling x22  
  194  17:20  Hydralisk x3  
  196  17:49  Lurker x3  
  190  17:54  Overseer x2  
  183  17:59  Corruptor x8  
  197  18:14  Greater Spire  
  197  18:15  Zergling x8  
  200  18:30  Drone x2  
  184  18:39  Drone x13  
  184  18:40  Drone x7  
  186  18:42  Viper  
  186  18:47  Drone  
  181  18:50  Drone  
  181  18:52  Corruptor x4  
  189  19:06  Hatchery  
  179  19:14  Corruptor x5  
  143  19:25  Zergling x20  
  149  19:32  Hatchery  
Tags
 
Add a new tag
Caveats
  • Supply blocks, unpowered buildings, or Contaminate may cause inaccurate times.
  • Supply counts are checked every 10 seconds.